 Dungeon Crawl Stone Soup version 0.32-a0-612-g1c984fe9d1 (webtiles) character file.

Game seed: 17494284787141631441

8053 javelincjr the Fighter (level 11, 0/86 HPs)
             Began as a Demonspawn Warper on Mar 4, 2024.
             Was a Priest of Vehumet.
             Slain by a hornet (6 damage)
             ... on level 9 of the Dungeon.
             The game lasted 00:49:49 (10299 turns).

javelincjr the Fighter (Demonspawn Warper)         Turns: 10299, Time: 00:49:50

Health: 0/86       AC: 16    Str: 13    XL:     11   Next: 4%
Magic:  16/22      EV:  8    Int: 16    God:    Vehumet [***...]
Gold:   389        SH:  5    Dex: 18    Spells: 16/24 levels left

rFire   . . .        R - +0 flail (protect)
rCold   . . .        (no shield)
rNeg    + . .        c - +2 chain mail of the Stone Wall {rN+ Regen+ rCorr Dex+3}
rPois   .            (no helmet)
rElec   .            (no cloak)
rCorr   +            C - +1 pair of gloves
SInv    .            (no boots)
Will    .....        E - amulet of reflection
Stlth   +            f - ring of flight
HPRegen 1.14/turn    w - +4 ring of protection
MPRegen 0.18/turn

%: reflection
@: lethally poisoned (0 -> -1), flying, very slightly contaminated, slowed, very
slow
A: hooves 2, thin skeletal structure 1, ignite blood 1, powered by death 1
a: Renounce Religion


You were on level 9 of the Dungeon.
You worshipped Vehumet.
Vehumet was most pleased with you.
You visited 1 branch of the dungeon, and saw 9 of its levels.

You collected 389 gold pieces.

Inventory:

Hand Weapons
 a - a +0 spear
 z - a +1 morningstar of venom
 D - a +0 sling
 H - a +2 whip of flaming
 N - a +2 morningstar of freezing
 R - a +0 flail of protection (weapon)
 U - a +4 sling of flaming
 V - a +4 spear of flaming
Missiles
 d - 4 darts of dispersal
 p - 8 boomerangs
 F - 2 atropa-tipped darts
 J - 14 poisoned darts
Armour
 b - a +0 leather armour
 c - the +2 chain mail of the Stone Wall (worn) {rN+ Regen+ rCorr Dex+3}
   (You found it on level 8 of the Dungeon)

   Dex+3:     It affects your dexterity (+3).
   rN+:       It protects you from negative energy.
   Regen+:    It increases your rate of health regeneration.
   rCorr:     It protects you from acid and corrosion.
 e - a +0 chain mail
 j - a +0 ring mail
 A - a +2 leather armour of willpower
 C - a +1 pair of gloves (worn)
 P - +0 steam dragon scales
 S - a +1 ring mail of poison resistance
Jewellery
 f - a ring of flight (left hand)
 w - a +4 ring of protection (right hand)
 x - a +6 ring of dexterity
 E - an amulet of reflection (around neck)
 Q - an amulet of guardian spirit
 T - a ring of willpower
Talismans
 y - a flux talisman
 G - a beast talisman
 M - a maw talisman
Wands
 O - a wand of flame (50)
 W - a wand of roots (6)
Scrolls
 i - 3 scrolls of teleportation
 l - a scroll of torment {unknown}
 m - a scroll of summoning {unknown}
 r - a scroll of noise {unknown}
 t - 2 scrolls of enchant weapon {unknown}
 u - 2 scrolls of acquirement {unknown}
 B - a scroll of enchant armour {unknown}
 I - a scroll of fog {unknown}
Potions
 g - 4 potions of enlightenment
 h - a potion of attraction {unknown}
 k - a potion of brilliance {unknown}
 n - a potion of resistance {unknown}
 o - a potion of magic {unknown}
 q - 2 potions of curing
 s - a potion of might {unknown}
 v - a potion of mutation
 K - a potion of invisibility
 L - a potion of lignification


   Skills:
 * Level 8.1 Fighting
 - Level 3.0 Polearms
 - Level 0.8 Throwing
 + Level 1.8 Armour
 + Level 5.2 Dodging
 + Level 4.6 Stealth
 * Level 7.4 Spellcasting
 + Level 5.1 Conjurations
 + Level 5.8 Translocations
 + Level 4.7 Fire Magic
 + Level 3.3 Shapeshifting


You had 16 spell levels left.
You knew the following spells:

 Your Spells              Type           Power      Damage    Failure   Level
a - Blink                 Tloc           48%        N/A       34%         2
b - Lesser Beckoning      Tloc           48%        N/A       34%         2
c - Foxfire               Conj/Fire      84%        2x1d8     9%          1
d - Teleport Other        Tloc           24%        N/A       56%         3

Your spell library contained the following spells:

 Spells                   Type           Power      Damage    Failure   Level
 Airstrike                Air            2%         2d(1-17)  99%         4
 Manifold Assault         Tloc           24%        N/A       92%         4
 Passage of Golubria      Tloc           24%        N/A       92%         4
 Necrotise                Necr           20%        1d5       94%         1
 Tukima's Dance           Hex            5%         N/A       100%        3
 Vampiric Draining        Necr           5%         2d6       100%        3
 Martyr's Knell           Necr/Summ      5%         N/A       100%        4
 Vhi's Electric Charge    Tloc/Air       30%        N/A       100%        4
 Curse of Agony           Necr           5%         N/A       100%        5
 Yara's Violent Unravell  Hex/Alch       2%         3d3       100%        5


Dungeon Overview and Level Annotations

Branches:
Dungeon (9/15)             Temple (0/1) D:7
   Lair: D:8-11         Orc: D:9-12

Altars:
Fedhas
Hepliaklqana
Ru
Sif Muna
Uskayaw
Vehumet
Yredelemnul

Shops:
D:4 (   D:6 *   D:7 :


Innate Abilities, Weirdness & Mutations

You have hoof-like feet.
You have a somewhat thin skeletal structure. (Dex +2, Stealth+)
Your demonic aura sometimes causes spilled blood to erupt in flames.
You regenerate a little health from kills.


Message History

You are too injured to fight recklessly!
Casting: Blink (dangerous; 34% risk of failure)
Confirm with . or Enter, or press ? or * to list all spells.
You conjure some foxfire!
The hornet stings you but does no damage.
Casting: Foxfire (safe; 9% risk of failure)
Confirm with . or Enter, or press ? or * to list all spells.
You conjure some foxfire!
The foxfire hits the hornet.
The hornet is heavily wounded.
The foxfire hits the hornet.
The hornet is severely wounded.
The hornet barely misses you. The hornet stings you.
* * * LOW HITPOINT WARNING * * *
You are poisoned.
You feel as though you will be slow longer.
Casting: Foxfire (safe; 9% risk of failure)
Confirm with . or Enter, or press ? or * to list all spells.
You conjure some foxfire!
You feel ready to blink again.
You feel very sick.
The foxfire hits the hornet.
The hornet is severely wounded.
The foxfire hits the hornet.
The hornet is almost dead.
The hornet stings you!
* * * LOW HITPOINT WARNING * * *
You feel as though you will be slow longer.
The hornet barely misses you.
Casting: Foxfire (safe; 9% risk of failure)
Confirm with . or Enter, or press ? or * to list all spells.
You miscast Blink.
You are very lightly contaminated with residual magic.
Nothing appears to happen.
You feel sick.
The foxfire hits the hornet but does no damage.
The hornet is severely wounded.
The foxfire hits the hornet.
The hornet is almost dead.
The hornet stings you but does no damage.
The hornet stings you.
You die...

###..# ##.#
##########'##
#...........#
#...........#
#...........#
+...........#
#..○y.......#
#...@.......#
#############


You could see a hornet.

Vanquished Creatures
  A boulder beetle (D:8)
  Amaemon (D:8)
  An arcanist (D:8)
  Pikel (D:5)
  An ugly thing (D:8)
  Joseph (D:7)
  Maggie (D:6)
  An orange demon (D:8)
  A troll (D:8)
  Eustachio (D:6)
  4 yaks (D:7)
  4 steam dragons
  Menkaure (D:6)
  Duvessa (D:5)
  2 water moccasins
  An orc warrior (D:8)
  2 ice beasts
  3 black bears
  A centaur (D:8)
  2 sky beasts
  An ogre (D:6)
  2 phantoms
  5 bullfrogs
  A gnoll sergeant (D:8)
  A scorpion (D:5)
  8 wights
  Dowan (D:5)
  2 howler monkeys
  3 jellies
  A hound (D:4)
  2 orc priests
  A sleepcap (D:6)
  A gnoll bouda (D:8)
  4 iguanas
  7 orc wizards
  A statue (D:8)
  7 adders
  4 gnolls
  2 shadow imps
  4 white imps
  2 ufetubi (D:6)
  5 ribbon worms
  24 orcs
  2 bats
  5 endoplasms
  A giant cockroach (D:1)
  7 goblins
  9 hobgoblins
  8 kobolds
  2 quokkas (D:1)
  5 ball pythons
  4 frilled lizards
  4 rats
167 creatures vanquished.

Vanquished Creatures (others)
  A sky beast (D:8)
  894 foxfires
895 creatures vanquished.

Grand Total: 1062 creatures vanquished

Notes
Turn   | Place    | Note
-------+----------+-------------------------------------------
     0 | D:1      | javelincjr the Demonspawn Warper began the quest for the
                  | Orb.
     0 | D:1      | Reached XP level 1. HP: 16/16 MP: 3/3
    95 | D:1      | Reached skill level 1 in Armour
   162 | D:1      | Gained mutation: You have a somewhat thin skeletal
                  | structure. (Dex +2, Stealth+) [demonic ancestry]
   162 | D:1      | Reached XP level 2. HP: 22/22 MP: 5/5
   165 | D:1      | Learned a level 2 spell: Blink
   168 | D:1      | Learned a level 2 spell: Lesser Beckoning
   750 | D:2      | Reached XP level 3. HP: 28/28 MP: 6/6
   767 | D:2      | Found a faded altar of an unknown god.
   821 | D:2      | Prayed at the altar of an unknown god.
   821 | D:2      | Became a worshipper of Vehumet
   821 | D:2      | Reached * piety under Vehumet
   821 | D:2      | Offered knowledge of Foxfire by Vehumet.
   824 | D:2      | Learned a level 1 spell: Foxfire
  1230 | D:2      | HP: 1/28 [constriction (1)]
  1577 | D:2      | Reached XP level 4. HP: 22/34 MP: 3/7
  1976 | D:3      | Noticed a phantom
  2019 | D:3      | Killed a phantom
  2020 | D:3      | Reached skill level 3 in Fighting
  2020 | D:3      | Gained mutation: You have large cloven feet. [demonic
                  | ancestry]
  2020 | D:3      | Reached XP level 5. HP: 7/41 MP: 1/9
  2163 | D:3      | You are sucked into a shaft and drop 3 floors!
  2178 | D:6      | Noticed a black bear
  2185 | D:5      | Entered Level 5 of the Dungeon
  2250 | D:4      | Reached skill level 1 in Conjurations
  2265 | D:4      | Noticed a phantom
  2445 | D:3      | Offered knowledge of Freeze by Vehumet.
  2502 | D:3      | Reached ** piety under Vehumet
  2503 | D:3      | Reached skill level 1 in Fire Magic
  3402 | D:4      | Killed a phantom
  3403 | D:4      | Gained mutation: You have hoof-like feet. [demonic
                  | ancestry]
  3403 | D:4      | Reached XP level 6. HP: 47/47 MP: 6/10
  3617 | D:4      | Found Genot's Antique Weapon Shop.
  4434 | D:5      | Reached skill level 4 in Fighting
  4442 | D:5      | Gained mutation: Your demonic aura sometimes causes spilled
                  | blood to erupt in flames. [demonic ancestry]
  4442 | D:5      | Reached XP level 7. HP: 47/54 MP: 12/12
  4726 | D:5      | Noticed Pikel
  4749 | D:5      | Killed Pikel
  4750 | D:5      | Reached skill level 5 in Fighting
  4750 | D:5      | Reached skill level 1 in Stealth
  4750 | D:5      | Reached XP level 8. HP: 6/62 MP: 5/14
  5002 | D:5      | Noticed Dowan
  5014 | D:5      | Found a shimmering blue altar of Sif Muna.
  5014 | D:5      | Noticed Duvessa
  5024 | D:5      | Killed Dowan
  5034 | D:5      | Killed Duvessa
  5552 | D:5      | Found a blossoming altar of Fedhas.
  5646 | D:5      | Reached skill level 5 in Spellcasting
  5921 | D:6      | Found a sacrificial altar of Ru.
  6062 | D:6      | Reached skill level 1 in Shapeshifting
  6176 | D:6      | Noticed Maggie
  6176 | D:6      | Noticed Eustachio
  6201 | D:6      | Killed Maggie
  6201 | D:6      | Offered knowledge of Mercury Vapours by Vehumet.
  6202 | D:6      | Reached skill level 6 in Fighting
  6202 | D:6      | Gained mutation: You regenerate a little health from kills.
                  | [demonic ancestry]
  6202 | D:6      | Reached XP level 9. HP: 28/69 MP: 5/17
  6211 | D:6      | Killed Eustachio
  6588 | D:6      | Found Faadwargh's Overcharged Wands.
  6651 | D:6      | Noticed Menkaure
  6657 | D:6      | Killed Menkaure
  6799 | D:6      | Learned a level 3 spell: Teleport Other
  7027 | D:7      | Found Xouzxog's Self-Published Books.
  7175 | D:7      | Reached *** piety under Vehumet
  7543 | D:7      | Noticed a +0 dagger
  7547 | D:7      | Found a staircase to the Ecumenical Temple.
  7745 | D:7      | Noticed a +0 short sword
  7745 | D:7      | Noticed a +0 spear
  7745 | D:7      | Noticed a +0 falchion
  7746 | D:7      | Noticed a +0 dagger
  7747 | D:7      | Noticed a +0 short sword
  7747 | D:7      | Noticed a +0 spear
  7748 | D:7      | Noticed a +0 falchion
  7759 | D:7      | Found a hide-covered altar of Uskayaw.
  7902 | D:7      | Reached skill level 5 in Translocations
  8068 | D:7      | Reached skill level 7 in Fighting
  8068 | D:7      | Reached XP level 10. HP: 67/79 MP: 19/19
  8089 | D:8      | Noticed Joseph
  8114 | D:7      | Killed Joseph
  8477 | D:8      | Offered knowledge of Airstrike by Vehumet.
  8500 | D:8      | Found a hazy altar of Hepliaklqana.
  8621 | D:8      | Noticed an arcanist
  8934 | D:8      | Killed an arcanist
  9069 | D:8      | Noticed a purple ugly thing
  9097 | D:8      | Killed a purple ugly thing
  9175 | D:8      | Noticed a boulder beetle
  9196 | D:8      | Reached skill level 5 in Dodging
  9196 | D:8      | Killed a boulder beetle
  9319 | D:8      | Identified the +2 chain mail of the Stone Wall {rN+ Regen+
                  | rCorr Dex+3}
  9374 | D:8      | Reached skill level 8 in Fighting
  9374 | D:8      | Reached skill level 5 in Conjurations
  9449 | D:8      | Noticed Amaemon
  9459 | D:8      | Noticed an orange demon
  9627 | D:8      | Killed an orange demon
  9627 | D:8      | Reached **** piety under Vehumet
  9633 | D:8      | Killed Amaemon
  9634 | D:8      | Reached XP level 11. HP: 51/86 MP: 3/22
  9755 | D:8      | Found a basalt altar of Yredelemnul.
  9987 | D:8      | Found a radiant altar of Vehumet.
 10292 | D:9      | Paralysed by a hornet for 3 turns
 10299 | D:9      | Slain by a hornet

Illustrated notes

Levels and vault maps discovered:
D:1:      eino_arrival_water_star, layout_basic, minmay_misc_feat_plants,
          nrook_mini_backslash
D:2:      layout_basic, ebering_ecumenical_altar_box
D:3:      layout_loops_ring
D:4:      layout_cave_pools, serial_shops, nicolae_shop_dealshenge,
          chequers_serial_rivers_micro_c, chequers_jeans,
          chequers_serial_rivers_marsh, minmay_increasing_density
D:5:      layout_gridville, lemuel_round_altar, overflow_temple_1_default,
          chequers_garden, uniq_duvessa, uniq_pikel
D:6:      layout_cave_pools, nicolae_ru_awakened_eye, minmay_misc_feat_square,
          nicolae_shop_overcharged_wands, uniq_menkaure, uniq_eustachio,
          uniq_maggie
D:7:      layout_rooms, nicolae_uskayaw_en_pointe,
          minmay_temple_entry_overgrown, minmay_misc_feat_secret_circle,
          nicolae_custom_books, nicolae_kite_square_tiling_tiny, minivault_19,
          minmay_misc_feat_alley
D:8:      minmay_the_grid_plus_closed [minmay_the_grid_tiny_cups,
          minmay_the_grid_fan, minmay_the_grid_mess,
          minmay_the_grid_zigzag_pyramid, minmay_the_grid_prize_diamond_cup],
          layout_loops_ring, vehumet_statue, mainiacjoe_overflow_boulevard,
          mainiacjoe_overflow_swirl, uniq_amaemon, uniq_joseph
D:9:      layout_roguey, chei_slow_surprise, enter_bailey_5, uniq_jeremiah,
          uniq_psyche, uniq_grum

Skill      XL: |  1  2  3  4  5  6  7  8  9 10 |
---------------+-------------------------------+-----
Armour         | 1 |  1.8
Polearms       | 2 3 |  3.0
Dodging        | 2 3 4 5 |  5.2
Translocations | 3 4 5 |  5.8
Fighting       | 3 4 5 6 7 8 |  8.1
Conjurations   | 1 2 3 4 5 |  5.1
Fire Magic     | 1 2 3 4 |  4.7
Spellcasting   | 3 4 5 6 7 |  7.4
Stealth        | 1 2 3 4 |  4.6
Shapeshifting  | 1 2 3 |  3.3
Throwing       | |  0.8

Action                     |  1- 3 |  4- 6 |  7- 9 | 10-12 || total
---------------------------+-------+-------+-------+-------++-------
  Melee: Spear             |   149 |    43 |       |    22 ||   214
         Morningstar       |       |    33 |   105 |    80 ||   218
         Kick              |       |    14 |    36 |    51 ||   101
         Flail             |       |       |       |    34 ||    34
  Throw: Dart              |     1 |     2 |       |       ||     3
   Cast: Foxfire           |    10 |   117 |   232 |   158 ||   517
         Blink             |     2 |     2 |     3 |     5 ||    12
    Use: Scroll            |       |       |     5 |     2 ||     7
         Potion            |       |       |       |     1 ||     1
   Stab: Sleeping          |     7 |     1 |       |     1 ||     9
 Armour: Leather armour    |    69 |    64 |   125 |    93 ||   351
         Chain mail        |       |       |       |   112 ||   112
  Dodge: Dodged            |    78 |    47 |    89 |   101 ||   315
  Block: Other             |       |     3 |    42 |    46 ||    91
         Reflection        |       |       |       |     1 ||     1

Table legend: (Time is in decaauts)
 A = Elapsed time spent in this place.
 B = Non-inter-level travel time spent in this place.
 C = Inter-level travel time spent in this place.
 D = Time resting spent in this place.
 E = Time spent auto-exploring this place.
 F = Levels seen in this place.
 G = Mean time per level.
                   A        B        C        D        E       F      G
               +--------+--------+--------+--------+--------+-----+--------+
         Total |  10444 |  10212 |    232 |    716 |   7306 |   9 | 1160.4 |
       Dungeon |  10444 |  10212 |    232 |    716 |   7306 |   9 | 1160.4 |
               +--------+--------+--------+--------+--------+-----+--------+

Top non-repeatable levels by time:
     D:8: 1776 daAuts
     D:5: 1524 daAuts
     D:7: 1515 daAuts
     D:6: 1324 daAuts
     D:4: 1263 daAuts
     D:3: 1200 daAuts
     D:2: 1036 daAuts
     D:1: 736 daAuts
     D:9: 67 daAuts
